 Dungeon Crawl Stone Soup version 0.30.1-11-g7821555f0a (webtiles) character file.

Game seed: 15738144063607702444

1532 Okkudo the Cleaver (level 8, -1/64 HPs)
             Began as a Hill Orc Monk on Dec 4, 2023.
             Was a Believer of Beogh.
             Slain by a +2 flail of chaos (9 damage)
             ... on level 6 of the Dungeon.
             The game lasted 00:14:23 (4146 turns).

Okkudo the Cleaver (Hill Orc Monk)                  Turns: 4146, Time: 00:14:24

Health: -1/64      AC: 10    Str: 22    XL:     8   Next: 85%
Magic:  8/8        EV:  8    Int: 10    God:    Beogh [**....]
Gold:   240        SH:  5    Dex: 13    Spells: 7/7 levels left

rFire   + . .        B - +0 war axe
rCold   + . .        w - +0 buckler
rNeg    . . .        G - +0 chain mail
rPois   +            f - +0 helmet
rElec   +            (no cloak)
rCorr   +            z - +0 pair of gloves
SInv    .            (no boots)
Will    .....        l - amulet of regeneration Stlth
                     h - +4 ring of slaying
HPRegen 1.10/turn    b - +6 ring of strength
MPRegen 0.11/turn

%: no passive effects
@: lethally poisoned (-1 -> -5), resistant
A: no striking features
a: Renounce Religion, Smiting


You were on level 6 of the Dungeon.
You worshipped Beogh.
Beogh was pleased with you.
You visited 1 branch of the dungeon, and saw 6 of its levels.

You collected 289 gold pieces.
You spent 49 gold pieces at shops.

Inventory:

Hand Weapons
 n - a +0 scythe
 s - a +0 trident
 v - a +0 arbalest
 B - a +0 war axe (weapon)
Missiles
 p - 4 poisoned darts (quivered)
 x - 2 throwing nets
Armour
 f - a +0 helmet (worn)
 w - a +0 buckler (worn)
 z - a +0 pair of gloves (worn)
 G - a +0 chain mail (worn)
Jewellery
 b - a +6 ring of strength (right hand)
 h - a +4 ring of slaying (left hand)
 l - an amulet of regeneration (around neck)
 q - a +6 ring of strength
 y - a ring of positive energy
 A - a +4 ring of protection
 D - a ring of wizardry
Scrolls
 a - a scroll of enchant armour {unknown}
 d - a scroll of fear
 g - 2 scrolls of noise
 i - a scroll of identify
 j - a scroll of amnesia
 k - a scroll of silence
 r - a scroll of immolation
 t - 4 scrolls of teleportation
 C - a scroll of vulnerability {unknown}
 E - a scroll of summoning {unknown}
Potions
 c - a potion of ambrosia
 e - a potion of brilliance {unknown}
 o - 2 potions of heal wounds
 u - a potion of degeneration
 F - a potion of flight {unknown}


   Skills:
 - Level 3.6 Fighting
 * Level 12.6 Axes
 - Level 2.4 Dodging
 + Level 5.7 Shields


You had 7 spell levels left.
You didn't know any spells.
Your spell library was empty.

Dungeon Overview and Level Annotations

Branches:
Dungeon (6/15)             Temple (0/1) D:4

Altars:
Sif Muna
Vehumet
Xom
Yredelemnul
Zin

Shops:
D:4 [   D:5 :

Annotations:
D:6 fireball365's ghost, novice HOFi


Message History

You hit the scorpion but do no damage.
The scorpion stings you but does no damage.
You closely miss the scorpion. The scorpion stings you.
Fireball365's ghost waves a bulging coin purse at you.
You hit the scorpion.
The scorpion is lightly wounded.
The scorpion barely misses you.
You hit the scorpion.
The scorpion is heavily wounded.
The scorpion stings you but does no damage.
You slash the scorpion!
You kill the scorpion!
Beogh accepts your kill.
You see here a scorpion corpse.
You see here a scorpion corpse.
Press: ? - help, v - describe, . - travel, g - get item
Here: fireball365's ghost (fire blocked by a runed translucent door) Item here: a dark potion.
A shimmering altar of Xom.
You open the door. The +2 flail of chaos hits you!
The +2 flail of chaos burns you.
Fireball365's ghost wails.
You slash the +2 flail of chaos!
The +2 flail of chaos is moderately damaged.
The +2 flail of chaos hits you!
You feel protected.
You slash the +2 flail of chaos!
The +2 flail of chaos is almost destroyed.
The +2 flail of chaos hits you! x2
* * * LOW HITPOINT WARNING * * *
You are poisoned.
You miss the +2 flail of chaos.
The +2 flail of chaos is severely damaged.
You feel very sick.
You block the +2 flail of chaos's attack.
You hit the +2 flail of chaos but do no damage.
The +2 flail of chaos is severely damaged.
You feel very sick. The +2 flail of chaos hits you!
You die...

##.......# #. #
#...†...# ## .##
#..>....# ..
#.......# ##.##
#.......# #...#
##....########
#...###.............
#...#.##.......)....
#..@(W.#............
##..#.##............
#..###.............
##.................
#.................
#.................
#.................
#.................
#.................


You could see a +2 flail of chaos and fireball365's ghost.

Vanquished Creatures
  Pikel (D:4)
  Sigmund (D:4)
  2 water moccasins
  A black bear (D:6)
  2 bullfrogs
  A scorpion (D:6)
  A human zombie (D:5)
  2 hounds
  An orc priest (D:5)
  A gnoll bouda (D:4)
  2 orc wizards (D:5)
  Robin (D:2)
  5 adders
  12 gnolls
  3 worms
  A dart slug (D:2)
  An orc (D:5)
  6 ball pythons
  10 endoplasms
  5 giant cockroaches
  10 hobgoblins
  3 jackals (D:1)
  A quokka (D:3)
  3 bats
  7 frilled lizards
  9 goblins
  14 kobolds
  9 rats
115 creatures vanquished.

Notes
Turn   | Place    | Note
-------+----------+-------------------------------------------
     0 | D:1      | Okkudo the Hill Orc Monk began the quest for the Orb.
     0 | D:1      | Reached XP level 1. HP: 19/19 MP: 1/1
   383 | D:1      | Reached XP level 2. HP: 26/26 MP: 2/2
   565 | D:1      | Reached skill level 5 in Axes
   826 | D:1      | Reached XP level 3. HP: 31/31 MP: 3/3
  1073 | D:2      | Noticed Robin
  1093 | D:2      | Reached skill level 6 in Axes
  1096 | D:2      | Killed Robin
  1102 | D:2      | Reached XP level 4. HP: 39/39 MP: 4/4
  1532 | D:3      | Reached skill level 7 in Axes
  1532 | D:3      | Reached XP level 5. HP: 45/45 MP: 5/5
  1585 | D:3      | Found a radiant altar of Vehumet.
  2229 | D:4      | Found a shimmering blue altar of Sif Muna.
  2237 | D:4      | Reached skill level 8 in Axes
  2326 | D:4      | Found a staircase to the Ecumenical Temple.
  2488 | D:4      | Noticed Sigmund
  2527 | D:4      | Killed Sigmund
  2528 | D:4      | Reached skill level 9 in Axes
  2528 | D:4      | Reached XP level 6. HP: 23/51 MP: 6/6
  2638 | D:4      | Noticed Pikel
  2661 | D:4      | Killed Pikel
  2662 | D:4      | Reached skill level 10 in Axes
  2662 | D:4      | Reached XP level 7. HP: 38/57 MP: 7/7
  2742 | D:4      | Found Xofes's Armour Boutique.
  2748 | D:4      | Bought a +0 pair of gloves for 49 gold pieces
  3164 | D:5      | Entered Level 5 of the Dungeon
  3180 | D:5      | Reached XP level 8. HP: 64/64 MP: 8/8
  3226 | D:5      | Reached skill level 11 in Axes
  3400 | D:5      | Found a glowing silver altar of Zin.
  3453 | D:5      | Became a worshipper of Beogh the Brigand
  3453 | D:5      | Reached * piety under Beogh
  3453 | D:5      | Reached ** piety under Beogh
  3597 | D:5      | Found Wosujawn's Book Boutique.
  3700 | D:5      | Found a runed translucent door.
  3705 | D:5      | Found a basalt altar of Yredelemnul.
  3739 | D:5      | Reached skill level 5 in Shields
  3928 | D:6      | Reached skill level 12 in Axes
  4123 | D:6      | Found a runed translucent door.
  4127 | D:6      | Found a shimmering altar of Xom.
  4127 | D:6      | Noticed fireball365's ghost (novice HOFi)
  4127 | D:6      | Noticed a +2 flail of chaos
  4146 | D:6      | Slain by a +2 flail of chaos

Illustrated notes

Levels and vault maps discovered:
D:1:      minmay_arrival_open_corners, layout_basic, lexackson_kobold_supper
D:2:      layout_rooms, uniq_robin
D:3:      layout_basic, nicolae_vehumet_altar_sigil
D:4:      layout_basic, mainiacjoe_overflow_concentric_impassable,
          minmay_temple_entry_enclosed_plants, serial_shops, shop,
          chequers_jeans, uniq_sigmund, uniq_pikel
D:5:      layout_loops_ring, dk_yredelemnul_ordeal, zin_statuary, serial_shops,
          nicolae_shop_pleasant_corner_grove
D:6:      layout_basic, slow_altar_2, ebering_ghost_xom

Skill      XL: |  1  2  3  4  5  6  7  8 |
---------------+-------------------------+-----
Axes           | 5 6 7 9 10 12 | 12.6
Shields        | 2 3 4 5 |  5.7
Fighting       | |  3.6
Dodging        | |  2.4

Action                     |  1- 3 |  4- 6 |  7- 9 || total
---------------------------+-------+-------+-------++-------
  Melee: Hand axe          |   107 |   124 |   106 ||   337
         War axe           |       |       |    34 ||    34
 Invoke: Convert to Beogh  |       |       |     1 ||     1
    Use: Scroll            |       |       |     8 ||     8
 Armour: Ring mail         |    27 |       |       ||    27
         Robe              |     3 |       |       ||     3
         Scale mail        |     7 |    35 |    35 ||    77
         Chain mail        |       |       |     4 ||     4
  Dodge: Dodged            |    69 |    41 |    43 ||   153
  Block: Buckler           |       |     8 |    30 ||    38
